 Dungeon Crawl Stone Soup version 0.29.1-2-gbd0b4ee654 (webtiles) character file.

Game seed: 5216860056913038037

130 quakins the Ruffian (level 4, -1/60 HPs)
             Began as a Troll Transmuter on Oct 27, 2022.
             Slain by a gnoll
             ... wielding a +0 flail
             ... led by a gnoll bouda
              (8 damage)
             ... on level 2 of the Dungeon.
             The game lasted 00:02:54 (1532 turns).

quakins the Ruffian (Troll Transmuter)              Turns: 1532, Time: 00:02:55

Health: -1/60      AC: 22    Str: 20    XL:     4   Next: 90%
Magic:  4/4        EV:  1    Int:  9    God:
Gold:   145        SH:  0    Dex: 10    Spells: 4/5 levels left

rFire   . . .      SeeInvis .     - Unarmed
rCold   . . .      Faith    .   (no shield)
rNeg    . . .      Spirit   .   (body armour currently unavailable)
rPois   +          Reflect  .   (helmet currently unavailable)
rElec   .          Harm     .   (cloak currently unavailable)
rCorr   .          Rampage  .   (gloves unavailable)
Will    .....      NoTele   +   (boots unavailable)
Stlth   +.........              (no amulet)
HPRegen 1.00/turn               (no ring)
MPRegen 0.09/turn               (no ring)

@: tree-form
A: stationary, stasis, torment immunity, boosted hp, large, unfitting armour,
(claws 3), regeneration 1, (shaggy fur 1), (tough skin 1)
a: no special abilities


You were on level 2 of the Dungeon.
You were a tree.
You visited 1 branch of the dungeon, and saw 3 of its levels.

You collected 145 gold pieces.

Inventory:

Missiles
 e - 4 poisoned darts
Armour
 h - a +1 robe of willpower (melded)
Scrolls
 f - 2 scrolls of amnesia
 g - a scroll of poison {unknown}
 j - a scroll of fog {unknown}
 k - a scroll of identify {unknown}
Potions
 a - a potion of mutation {unknown}
 c - a potion of brilliance {unknown}
 d - 2 potions of berserk rage {unknown}
 i - a potion of invisibility {unknown}
 l - a potion of curing {unknown}


   Skills:
 - Level 0.7 Fighting
 - Level 1.5 Dodging
 + Level 5.7 Unarmed Combat
 - Level 1.2 Spellcasting
 - Level 1.3 Transmutations


You had 4 spell levels left.
You knew the following spells:

 Your Spells              Type           Power      Damage    Failure   Level
a - Beastly Appendage     Tmut           6%         N/A       21%         1

Your spell library contained the following spells:

 Spells                   Type           Power      Damage    Failure   Level
 Wereblood                Tmut           3%         N/A       30%         2
 Sublimation of Blood     Necr           0%         N/A       50%         2
 Spider Form              Tmut/Pois      1%         N/A       63%         3
 Ice Form                 Ice/Tmut       1%         N/A       95%         4
 Summon Hydra             Summ           0%         N/A       100%        7


Dungeon Overview and Level Annotations

Branches:
Dungeon (3/15)

Altars:


Innate Abilities, Weirdness & Mutations

You are a tree.
Your roots penetrate the ground, keeping you stationary.
You cannot be teleported.
You are immune to unholy pain and torment.
Your maximum health is greatly increased.
Your equipment is partially melded.
You are too large for most types of armour.
((You have claws for hands.))
Your natural rate of healing is unusually fast.
((You are covered in fur. (AC +1)))
((You have tough skin. (AC +1)))


Message History

The gnolls pick up the pace!
You claw the gnoll bouda!
You kill the gnoll bouda!
The hobgoblin closely misses you. The gnoll hits you but does no damage.
The gnoll attacks as you move away! The gnoll hits you with a +0 club.
The hobgoblin barely misses you. The gnoll attacks as you move away!
The gnoll hits you with a +0 club.
The hobgoblin hits you but does no damage.
The gnoll attacks as you move away! The gnoll hits you with a +0 club.
The hobgoblin attacks as you move away! The hobgoblin completely misses you.
The hobgoblin attacks as you move away!
The hobgoblin hits you but does no damage.
The gnoll hits you with a +0 club.
* * * LOW HITPOINT WARNING * * *
The gnoll attacks as you move away! The gnoll barely misses you.
The hobgoblin attacks as you move away! The hobgoblin barely misses you.
The gnoll attacks as you move away! The gnoll closely misses you.
The hobgoblin attacks as you move away!
The hobgoblin hits you but does no damage.
The gnoll hits you with a +0 flail.
* * * LOW HITPOINT WARNING * * *
The gnoll attacks as you move away! The gnoll hits you with a +0 flail!
* * * LOW HITPOINT WARNING * * *
The hobgoblin attacks as you move away! The hobgoblin hits you.
* * * LOW HITPOINT WARNING * * *
There is a stone staircase leading up here.
The hobgoblin hits you.
* * * LOW HITPOINT WARNING * * *
The gnoll closely misses you.
You climb upwards.
There is a stone staircase leading down here.
You turn into a tree.
Your +1 robe of willpower melds into your body.
You feel less strong-willed.
Your roots penetrate the ground.
The hobgoblin hits you but does no damage.
The gnoll hits you but does no damage.
You barely miss the gnoll.
The hobgoblin hits you but does no damage.
The gnoll hits you with a +0 flail!
You die...

.#.#.# #.#.......# ###. .#.#P#
###### ##.#.###.#.# #P#.
b#.#P#.PP.P.. #..........#P#.#.
##.#.#.##########..###.#.#.#P#.#.
...#b#.#.......##.....<....#.#.#.
####.#P#.#####.##.#........#.#.#.
P.P..#.#.#...#..#.......#..# ###.
######P#.#.####g..#####.#..## #.
.#.#P ##g♣.......#.#<# #. ####
##.#####..######..#.### #. ...#
#.......## #..#.# ## ####
######### #....# ##.### #.# #)#
#.# #.#########


You could see a gnoll (swift) and a hobgoblin.

Vanquished Creatures
  A gnoll bouda (D:3)
  3 adders (D:2)
  A gnoll (D:1)
  A dart slug (D:1)
  4 bats
  9 endoplasms
  4 giant cockroaches
  12 goblins
  3 hobgoblins
  3 jackals (D:1)
  5 kobolds
  3 ball pythons
  6 frilled lizards
  3 rats
58 creatures vanquished.

Notes
Turn   | Place    | Note
-------+----------+-------------------------------------------
     0 | D:1      | quakins the Troll Transmuter began the quest for the Orb.
     0 | D:1      | Reached XP level 1. HP: 18/18 MP: 1/1
   139 | D:1      | Reached XP level 2. HP: 24/26 MP: 2/2
   250 | D:1      | Reached skill level 4 in Unarmed Combat
   411 | D:1      | Reached XP level 3. HP: 32/32 MP: 3/3
   584 | D:1      | Found a faded altar of an unknown god.
   911 | D:2      | Reached XP level 4. HP: 29/40 MP: 4/4
   913 | D:2      | Reached skill level 5 in Unarmed Combat
   952 | D:2      | Identified the +4 ring mail of the Ladybird {Rampage rN+
                  | Will- rCorr Str+3}
  1189 | D:2      | Identified the +8 dagger of Anter {pain, rF+}
  1528 | D:3      | HP: 2/40 [hobgoblin (2)]
  1532 | D:2      | Slain by a gnoll

Illustrated notes

Levels and vault maps discovered:
D:1:      moated_graveyard_arrival, layout_loops_ring,
          dilly_ecumenical_altar_fadedgnrine, nrook_loot_triangle
D:2:      layout_basic, serial_aquarium, aquarium_bridge_long_separate
          [aquarium_subvault_wall, aquarium_subvault_bridge,
          aquarium_subvault_bridge, aquarium_subvault_bridge,
          aquarium_subvault_bridge, aquarium_subvault_wall],
          aquarium_bridge_island_large [aquarium_subvault_large_water,
          aquarium_subvault_bridge, aquarium_subvault_wall,
          aquarium_subvault_bridge, aquarium_subvault_bridge],
          aquarium_window_double, aquarium_window_fake, aquarium_window_1,
          aquarium_window_1, aquarium_view_2e, aquarium_balcony_1b
D:3:      layout_rooms

Skill      XL: |  1  2  3  4 |
---------------+-------------+-----
Unarmed Combat | 4 5 |  5.7
Fighting       | |  0.7
Dodging        | |  1.5
Spellcasting   | |  1.2
Transmutations | |  1.3

Action                   |  1- 3 |  4- 6 || total
-------------------------+-------+-------++-------
Melee: Unarmed           |    98 |    48 ||   146
       Punch             |     2 |     1 ||     3
  Use: Scroll            |       |     1 ||     1
       Potion            |       |     1 ||     1
 Stab: Sleeping          |     1 |       ||     1
Armor: Robe              |    32 |    27 ||    59
       Skin              |       |     3 ||     3
Dodge: Dodged            |    36 |    28 ||    64
